 Dungeon Crawl Stone Soup version 0.25-a0-479-g8579842fd4 (webtiles) character file.

Game seed: 8414063473477815834, levelgen mode: deterministic

10597 Kohma the Carver (level 11, -2/104 HPs)
             Began as a Minotaur Berserker on Feb 9, 2020.
             Was a High Priest of Trog.
             Slain by an orc knight
             ... wielding a +0 long sword
              (31 damage)
             ... on level 10 of the Dungeon.
             The game lasted 00:23:50 (8426 turns).

Kohma the Carver (Minotaur Berserker)               Turns: 8426, Time: 00:23:50

Health: -2/104     AC: 18    Str: 27    XL:     11   Next: 38%
Magic:  10/10      EV:  9    Int:  8    God:    Trog [*****.]
Gold:   447        SH:  0    Dex: 10    Spells: 10/10 levels left

rFire    . . .     SeeInvis .   a - +11 triple sword "Biot" {vorpal, Str+2 Int+4}
rCold    . . .     Gourm    +   (shield currently unavailable)
rNeg     . . .     Faith    .   l - +3 chain mail
rPois    .         Spirit   .   (helmet restricted)
rElec    .         Reflect  .   r - +0 cloak
rCorr    +         Harm     .   (no gloves)
MR       ++...                  E - +0 pair of boots
Stlth    ..........             x - amulet of the gourmand
HPRegen  1.27/turn              i - ring of resist corrosion
MPRegen  0.12/turn              A - +2 ring of slaying

@: berserk cooldown, regenerating, slowed, very slow
A: retaliatory headbutt, horns 2
a: Berserk, Trog's Hand, Brothers in Arms, Renounce Religion


You were on level 10 of the Dungeon.
You worshipped Trog.
Trog was extremely pleased with you.
You were full.

You visited 2 branches of the dungeon, and saw 11 of its levels.

You collected 447 gold pieces.

Inventory:

Hand Weapons
 a - the +11 triple sword "Biot" (weapon) {vorpal, Str+2 Int+4}
   (Trog gifted it to you on level 8 of the Dungeon)

   It inflicts extra damage upon your enemies.
   It affects your strength (+2).
   It affects your intelligence (+4).
 b - the +3 long sword of the Other Side {venom, rN++}
   (You found it on level 5 of the Dungeon)

   It poisons the flesh of those it strikes.
   It greatly protects you from negative energy.
 B - a +2 long sword of holy wrath
Missiles
 z - 6 poisoned darts (quivered)
Armour
 l - a +3 chain mail (worn)
 r - a +0 cloak (worn)
 E - a +0 pair of boots (worn)
Jewellery
 i - a ring of resist corrosion (left hand)
 p - an uncursed amulet of rage {unknown}
 x - an amulet of the gourmand (around neck)
 A - a +2 ring of slaying (right hand)
Wands
 f - a wand of iceblast (8)
 n - a wand of digging (5)
 t - a wand of enslavement (7)
 u - a wand of acid (10)
Scrolls
 h - 3 scrolls of teleportation
 m - 2 scrolls of enchant weapon
 o - 4 scrolls of remove curse
 G - a scroll of magic mapping
Potions
 d - a potion of brilliance {unknown}
 e - a potion of invisibility {unknown}
 g - 2 potions of heal wounds
 j - 2 potions of haste
 k - 7 potions of curing
 s - a potion of might {unknown}
 v - a potion of lignification {unknown}
 w - 2 potions of ambrosia
 D - 3 potions of cancellation {unknown}
 F - 2 potions of agility {unknown}
Miscellaneous
 q - a lamp of fire
 y - a phial of floods
Comestibles
 c - 10 rations
 C - 23 chunks of flesh


   Skills:
 + Level 11.8 Fighting
 * Level 13.0 Long Blades
   Level 5.6 Axes
 + Level 11.6 Armour
 - Level 2.1 Dodging


You had 10 spell levels left.
You didn't know any spells.
Your spell library was empty.

Dungeon Overview and Level Annotations

Branches:
Dungeon (10/15)            Temple (1/1) D:4
   Lair: D:8-11         Orc: D:9-12

Altars:
Ashenzari
Cheibriados
Dithmenos
Elyvilon
Fedhas
Gozag
Hepliaklqana
Kikubaaqudgha
Makhleb
Nemelex Xobeh
Okawaru
Qazlal
Ru
Sif Muna
Trog
Uskayaw
Vehumet
Wu Jian
Xom
Yredelemnul
Zin
The Shining One


Innate Abilities, Weirdness & Mutations

You reflexively headbutt those who attack you in melee.
You have a pair of horns on your head.


Message History

You feel yourself slow down.
The orc knight hits you but does no damage.
You closely miss the orc knight. You headbutt the orc knight.
The orc knight is lightly wounded.
The orc knight no longer looks unusually strong.
An orc comes into view. It is wielding a +0 hand axe.
The orc knight hits you with a +0 long sword.
* * * LOW HITPOINT WARNING * * *
The orc closely misses you.
Items here: % )) [ ÷ a +0 short sword; a +0 hand axe; a cursed +0 leather armour; 3 chunks of flesh an orc skeleton You barely miss the orc knight.
The orc knight is lightly wounded.
The orc knight roars a battlecry!
The orc goes into a battle-frenzy!
The orc knight roars a battlecry!
The orc knight goes into a battle-frenzy!
The orc knight hits you with a +0 long sword!!
You die...

....'....'...........))#.≈≈≈....
....#....#...........#.#.≈≈≈....
######################.#.≈≈≈....
.o......'.#....))#.≈≈≈..P.
o.......#.#......#.≈≈≈....
........#.##'###.#.≈≈≈....
......o)#.#....#.#.≈≈≈....
######o###....#[#.≈≈≈....
#.....oo@'....#'###≈≈....
#######################...#≈≈....
.......[......†.......#...#≈≈....
≈≈≈≈≈≈≈≈≈≈≈≈≈≈≈≈≈≈≈≈≈≈#####≈≈....
≈≈≈≈≈≈≈≈≈≈≈≈≈≈≈≈≈≈≈≈≈≈≈≈≈≈≈≈≈....
≈≈≈≈≈≈≈≈≈≈≈≈≈≈≈≈≈≈≈≈≈≈≈≈≈≈≈≈≈....
.P................P..............
..........................P......
#################################


You could see 2 orc knights and 2 orcs.

Vanquished Creatures
  Harold (D:7)
  Erica (D:8)
  2 orc knights (D:10)
  Pikel (D:4)
  Prince Ribbit (D:6)
  Grinder (D:4)
  A hippogriff (D:9)
  Sigmund (D:2)
  6 yaks (D:9)
  Eustachio (D:6)
  Menkaure (D:5)
  14 wargs (D:10)
  A hungry ghost (D:7)
  4 sky beasts
  4 slaves (D:4)
  A hornet zombie (D:8)
  4 ogres
  6 orc warriors
  2 phantoms
  4 centaurs
  A big kobold (D:7)
  5 bullfrogs
  A scorpion (D:9)
  10 killer bees (D:9)
  4 wights (D:6)
  7 howler monkeys
  4 crimson imps
  3 bullfrog zombies
  2 jellies
  4 orc priests
  2 hounds
  Crazy Yiuf (D:3)
  3 iguanas
  6 worker ants
  5 orc wizards
  A hound zombie (D:8)
  A hound skeleton (D:7)
  A howler monkey zombie (D:8)
  Robin (D:4)
  6 adders
  2 oozes
  3 adder skeletons
  2 worms (D:2)
  2 dart slugs
  3 leopard geckos
  47 orcs
  6 giant cockroaches
  21 goblins
  10 hobgoblins
  3 jackals (D:7)
  15 kobolds
  A quokka (D:8)
  2 ball pythons
  10 bats
  7 frilled lizards
  7 rats
266 creatures vanquished.

Notes
Turn   | Place    | Note
-------+----------+-------------------------------------------
     0 | D:1      | Kohma the Minotaur Berserker began the quest for the Orb.
     0 | D:1      | Reached XP level 1. HP: 19/19 MP: 0/0
   153 | D:1      | Reached XP level 2. HP: 20/27 MP: 1/1
   502 | D:1      | Reached XP level 3. HP: 33/33 MP: 2/2
   754 | D:2      | Found an opulent altar of Gozag.
   754 | D:2      | Found a sparkling altar of Nemelex Xobeh.
   785 | D:2      | Noticed Sigmund
   801 | D:2      | Killed Sigmund
   801 | D:2      | Reached ** piety under Trog
   801 | D:2      | Reached skill level 5 in Fighting
   801 | D:2      | Reached skill level 5 in Axes
   801 | D:2      | Reached XP level 4. HP: 42/42 MP: 3/3
   801 | D:2      | Reached XP level 5. HP: 48/48 MP: 4/4
  1589 | D:3      | Reached XP level 6. HP: 56/56 MP: 5/5
  1985 | D:3      | Reached *** piety under Trog
  2117 | D:3      | Found a runed translucent door.
  2118 | D:3      | Noticed Crazy Yiuf
  2129 | D:3      | Killed Crazy Yiuf
  2295 | D:4      | Found a staircase to the Ecumenical Temple.
  2320 | Temple   | Entered the Ecumenical Temple
  2506 | D:4      | Reached skill level 1 in Long Blades
  2506 | D:4      | Reached skill level 5 in Armour
  2590 | D:4      | Noticed a slave
  2591 | D:4      | Noticed a slave
  2593 | D:4      | Noticed Robin
  2607 | D:4      | Killed a slave
  2617 | D:4      | Noticed Pikel
  2619 | D:4      | Noticed a slave
  2621 | D:4      | Killed a slave
  2628 | D:4      | Noticed a slave
  2634 | D:4      | Killed Robin
  2643 | D:4      | Killed a slave
  2652 | D:4      | Killed a slave
  2670 | D:4      | Killed Pikel
  2670 | D:4      | Reached skill level 4 in Long Blades
  2670 | D:4      | Reached XP level 7. HP: 23/64 MP: 6/6
  2945 | D:4      | Noticed Grinder
  2957 | D:4      | Killed Grinder
  2957 | D:4      | Reached XP level 8. HP: 50/73 MP: 7/7
  3152 | D:4      | Found a sacrificial altar of Ru.
  3153 | D:4      | Found a shattered altar of Ashenzari.
  3308 | D:4      | Reached skill level 5 in Long Blades
  3472 | D:5      | Entered Level 5 of the Dungeon
  3572 | D:5      | Noticed Menkaure
  3583 | D:5      | Killed Menkaure
  3589 | D:5      | Found a glowing silver altar of Zin.
  3589 | D:5      | Found a shimmering blue altar of Sif Muna.
  3687 | D:5      | Got an ichor-stained long sword
  3690 | D:5      | Identified the cursed +3 long sword of the Other Side
                  | {venom, rN++} (You found it on level 5 of the Dungeon)
  4124 | D:6      | Noticed Eustachio
  4131 | D:6      | Reached **** piety under Trog
  4147 | D:6      | Killed Eustachio
  4147 | D:6      | Reached skill level 6 in Long Blades
  4590 | D:6      | Reached XP level 9. HP: 81/82 MP: 8/8
  4872 | D:6      | Noticed Prince Ribbit
  4883 | D:6      | Killed Prince Ribbit
  4883 | D:6      | Reached skill level 7 in Long Blades
  5050 | D:7      | Reached skill level 8 in Long Blades
  5093 | D:7      | Noticed Harold
  5112 | D:7      | Killed Harold
  5112 | D:7      | Reached skill level 10 in Fighting
  5112 | D:7      | Reached skill level 9 in Long Blades
  5940 | D:8      | Reached XP level 10. HP: 93/93 MP: 9/9
  5947 | D:8      | Reached skill level 10 in Long Blades
  5952 | D:8      | Reached skill level 10 in Armour
  6146 | D:8      | Noticed Erica
  6159 | D:8      | Killed Erica
  6159 | D:8      | Reached ***** piety under Trog
  6159 | D:8      | Received a gift from Trog
  6160 | D:8      | Got a faintly glowing triple sword {god gift}
  6161 | D:8      | Identified the +11 triple sword "Biot" {vorpal, Str+2
                  | Int+4} (Trog gifted it to you on level 8 of the Dungeon)
  6455 | D:8      | Reached skill level 11 in Long Blades
  6952 | D:9      | Reached skill level 12 in Long Blades
  7418 | D:9      | Reached XP level 11. HP: 102/102 MP: 10/10
  7841 | D:10     | Entered Level 10 of the Dungeon
  8283 | D:10     | Noticed an orc knight
  8288 | D:10     | Received a gift from Trog
  8293 | D:10     | Killed an orc knight
  8406 | D:10     | Noticed an orc knight
  8406 | D:10     | Noticed an orc knight
  8419 | D:10     | Noticed an orc knight
  8421 | D:10     | Killed an orc knight
  8421 | D:10     | Reached skill level 13 in Long Blades
  8426 | D:10     | Slain by an orc knight

Levels and vault maps discovered:
D:1:      dpeg_arrival_arbitrary_c, layout_rooms, chequers_arboretum
D:2:      layout_basic, grunt_temple_overflow_opulence, first_ration,
          hangedman_decor_diamond_cutter, minmay_hexomino_f4, uniq_sigmund
D:3:      layout_loops_ring, uniq_crazy_yiuf_cottage
D:4:      layout_loops_cross, nicolae_overflow_hidden_temple,
          minmay_temple_entry_large_hall, uniq_grinder, uniq_robin, uniq_pikel
D:5:      layout_cave_pools, chequers_temple_overflow_statue_of_worship,
          uniq_menkaure
D:6:      layout_loops_cross, uniq_eustachio, uniq_prince_ribbit1
D:7:      layout_cave_pools, uniq_harold
D:8:      layout_basic, uniq_erica
D:9:      layout_basic, basic_altar
D:10:     lemuel_castle_with_subvaults [lemuel_castle_interior_carwin_1],
          layout_irregular_city, basic_altar, grunt_tengu_nest, uniq_erolcha,
          uniq_fannar, uniq_maggie
Temple:   nicolae_temple_elliptical

Skill      XL: |  1  2  3  4  5  6  7  8  9 10 11 |
---------------+----------------------------------+-----
Axes           | 4 5 |  5.6
Fighting       | 4 5 6 7 8 10 11 | 11.8
Armour         | 3 4 6 8 9 11 | 11.6
Long Blades    | 4 6 9 12 13 | 13.0
Dodging        | |  2.1

Action                   |  1- 3 |  4- 6 |  7- 9 | 10-12 || total
-------------------------+-------+-------+-------+-------++-------
Melee: Hand axe          |    27 |       |       |       ||    27
       Headbutt          |     8 |    40 |    48 |    30 ||   126
       Dagger            |    23 |   218 |    61 |       ||   302
       Long sword        |       |       |   151 |    40 ||   191
       Triple sword      |       |       |       |   134 ||   134
Invok: Berserk           |     1 |       |     2 |     1 ||     4
       Trog's Hand       |       |     1 |     2 |     1 ||     4
  Use: Scroll            |       |       |    15 |     2 ||    17
  Eat: Chunk             |       |     7 |    11 |    28 ||    46
       Ration            |       |       |     2 |       ||     2
Armor: Scale mail        |    18 |       |       |       ||    18
       Animal skin       |     2 |       |       |       ||     2
       Chain mail        |     3 |   108 |   116 |   110 ||   337
Dodge: Dodged            |    38 |    87 |    98 |   111 ||   334
       Rpst.: Long sword |       |       |    15 |     8 ||    23
       Triple sword      |       |       |       |    29 ||    29

Table legend:
 A = Non-vault XP
 B = Vault XP
 C = Vault XP percentage of total XP
 D = Non-vault monster count
 E = Vault monster count
 F = Vault count percentage of total count
                 A         B        C        D         E       F
            +---------+---------+-------+---------+---------+-------
      Total |    7353 |    7786 |  51.4 |     193 |      69 |  26.3
            +---------+---------+-------+---------+---------+-------
        D:1 |      42 |       0 |   0.0 |      24 |       0 |   0.0
        D:2 |      71 |     237 |  76.9 |      16 |       4 |  20.0
        D:3 |      60 |      39 |  39.4 |      29 |       1 |   3.3
        D:4 |     359 |     924 |  72.0 |      18 |      15 |  45.5
        D:5 |      93 |     172 |  64.9 |       7 |       1 |  12.5
        D:6 |     724 |     486 |  40.2 |      17 |       2 |  10.5
        D:7 |    1301 |    1013 |  43.8 |      23 |       1 |   4.2
        D:8 |    1680 |     934 |  35.7 |      25 |       1 |   3.8
        D:9 |    3023 |       0 |   0.0 |      34 |       0 |   0.0
       D:10 |       0 |    3981 | 100.0 |       0 |      44 | 100.0
            +---------+---------+-------+---------+---------+-------
